 Dungeon Crawl Stone Soup version 0.31-a0-542-gdc2a67831c (webtiles) character file.

Game seed: 11947372122417413796

83 AdnanSaban the Covered (level 4, 0/29 HPs)
             Began as a Gargoyle Fighter on Aug 14, 2023.
             Frozen to death by an endoplasm (5 damage)
             ... on level 3 of the Dungeon.
             The game lasted 00:01:04 (1609 turns).

AdnanSaban the Covered (Gargoyle Fighter)           Turns: 1609, Time: 00:01:05

Health: 0/29       AC: 10    Str: 21    XL:     4   Next: 44%
Magic:  4/4        EV:  9    Int:  9    God:
Gold:   104        SH:  4    Dex:  9    Spells: 3/3 levels left

rFire   . . .        a - +0 flail
rCold   . . .        c - +0 buckler
rNeg    + . .        b - +0 scale mail
rPois   ∞            (no helmet)
rElec   +            (no cloak)
rCorr   .            (no gloves)
SInv    .            (no boots)
Will    .....        (no amulet) Stlth
                     (no ring)
HPRegen 0.24/turn    (no ring)
MPRegen 0.09/turn

%: no passive effects
@: no status effects
A: sickness immunity, AC +3, negative energy resistance 1, electricity
resistance, torment resistance 1, petrification resistance
a: no special abilities


You were on level 3 of the Dungeon.
You visited 1 branch of the dungeon, and saw 3 of its levels.

You collected 104 gold pieces.

Inventory:

Hand Weapons
 a - a +0 flail (weapon)
Missiles
 g - 8 javelins (quivered)
Armour
 b - a +0 scale mail (worn)
 c - a +0 buckler (worn)
Scrolls
 e - a scroll of teleportation {unknown}
 f - a scroll of enchant weapon {unknown}
 h - 2 scrolls of identify {unknown}
 j - 3 scrolls of butterflies {unknown}
Potions
 d - a potion of might
 i - a potion of attraction {unknown}
 k - a potion of magic {unknown}


   Skills:
 + Level 3.6 Fighting
 + Level 3.0 Maces & Flails
 + Level 4.0 Armour
 + Level 0.8 Dodging
 + Level 0.1 Stealth
 + Level 3.7 Shields


You had 3 spell levels left.
You didn't know any spells.
Your spell library was empty.

Dungeon Overview and Level Annotations

Branches:
Dungeon (3/15)

Altars:

Annotations:
D:3 Terence


Innate Abilities, Weirdness & Mutations

You are immune to sickness and miasma.
Your stone body is resilient. (AC +3)
You are immune to poison.
You resist negative energy. (rN+)
You are resistant to electric shocks. (rElec)
You are resistant to unholy torment.
You are immune to petrification.


Message History

Terence is nearby!
You throw a javelin. The javelin pierces through Terence.
Terence is lightly wounded.
An endoplasm comes into view.
You throw a javelin. The endoplasm quivers.
The javelin pierces through Terence.
Terence is moderately wounded.
Terence closely misses you.
Found 13 gold pieces.
Terence hits you with a +4 trident of protection.
The endoplasm closely misses you.
You hit Terence but do no damage.
Terence is moderately wounded.
The endoplasm closely misses you. You block Terence's attack.
You hit Terence but do no damage.
Terence is moderately wounded.
The endoplasm barely misses you. Terence closely misses you.
The endoplasm closely misses you.
Terence hits you with a +4 trident of protection.
You barely miss Terence.
Terence is moderately wounded.
The endoplasm hits you but does no damage.
Terence hits you with a +4 trident of protection.
You hit Terence but do no damage.
Terence is moderately wounded.
The endoplasm freezes you.
You are frozen.
Terence closely misses you.
You closely miss Terence.
Terence is moderately wounded.
The endoplasm hits you but does no damage.
Terence hits you with a +4 trident of protection.
You hit Terence but do no damage.
Terence is moderately wounded.
The endoplasm closely misses you. Terence barely misses you.
Terence hits you with a +4 trident of protection!
* * * LOW HITPOINT WARNING * * *
The endoplasm freezes you.
You are frozen.
You die...

#$...####.## .....
.((.......##.#####....
.....................
........#...........
...................
#......##..........
#.@J...##.[........
#@### #..........
#...# #.......... .
###.# #..........
....###.####..........
PP.............####..
P.P.......#####......#
P.P...................
P...#####.#...####.##.
P.P. #..........###


You could see Terence and an endoplasm.

Vanquished Creatures
  Jessica (D:2)
  An adder (D:2)
  2 dart slugs (D:1)
  An orc (D:3)
  4 ball pythons
  3 endoplasms (D:2)
  A giant cockroach (D:2)
  6 goblins
  6 hobgoblins (D:1)
  5 kobolds
  A quokka (D:1)
  3 bats (D:1)
  4 frilled lizards
38 creatures vanquished.

Notes
Turn   | Place    | Note
-------+----------+-------------------------------------------
     0 | D:1      | AdnanSaban the Gargoyle Fighter began the quest for the
                  | Orb.
     0 | D:1      | Reached XP level 1. HP: 14/14 MP: 1/1
    72 | D:1      | Reached XP level 2. HP: 19/19 MP: 2/2
   273 | D:1      | Reached XP level 3. HP: 17/23 MP: 3/3
  1234 | D:2      | Found a faded altar of an unknown god.
  1246 | D:2      | Noticed Jessica
  1254 | D:2      | Killed Jessica
  1255 | D:2      | Reached skill level 4 in Armour
  1255 | D:2      | Reached XP level 4. HP: 24/29 MP: 4/4
  1599 | D:3      | Noticed Terence
  1609 | D:3      | Frozen to death by an endoplasm

Illustrated notes

Levels and vault maps discovered:
D:1:      co_arrival_square_in_a_square_in_a_square, layout_loops_ring
D:2:      minmay_wonky_spiral, layout_loops_ring,
          shapermc_ecumenical_altar_venn, nicolae_eternal_life, uniq_jessica
D:3:      layout_rooms, mainiacjoe_overflow_paths, nicolae_overflow_squiral,
          st_stairs_6, minmay_hedge_maze, uniq_terence

Skill      XL: |  1  2  3 |
---------------+----------+-----
Maces & Flails | 3 |  3.0
Armour         | 4 |  4.0
Fighting       | |  3.6
Dodging        | |  0.8
Stealth        | |  0.1
Shields        | |  3.7

Action                     |  1- 3 |  4- 6 || total
---------------------------+-------+-------++-------
  Melee: Flail             |   123 |    13 ||   136
  Throw: Javelin           |       |     2 ||     2
 Armour: Scale mail        |    91 |     4 ||    95
  Dodge: Dodged            |    70 |    12 ||    82
  Block: Buckler           |    40 |     2 ||    42

Table legend: (Time is in decaauts)
 A = Elapsed time spent in this place.
 B = Non-inter-level travel time spent in this place.
 C = Inter-level travel time spent in this place.
 D = Time resting spent in this place.
 E = Time spent auto-exploring this place.
 F = Levels seen in this place.
 G = Mean time per level.
                   A        B        C        D        E       F      G
               +--------+--------+--------+--------+--------+-----+--------+
         Total |   1652 |   1615 |     37 |      0 |   1302 |   3 |  550.7 |
       Dungeon |   1652 |   1615 |     37 |      0 |   1302 |   3 |  550.7 |
               +--------+--------+--------+--------+--------+-----+--------+

Top non-repeatable levels by time:
     D:1: 810 daAuts
     D:2: 762 daAuts
     D:3: 79 daAuts
